 Dungeon Crawl Stone Soup version 0.18-a0-49-gd105b5a (webtiles) character file.

44 Duffy the Chucker (level 3, -1/29 HPs)
             Began as a Formicid Hunter on Nov 6, 2015.
             Slain by an adder (2 damage)
             ... on level 2 of the Dungeon.
             The game lasted 00:01:24 (1604 turns).

Duffy the Chucker (Formicid Hunter)                 Turns: 1604, Time: 00:01:24

Health: -1/29      AC:  3    Str: 16    XL:     3   Next: 87%
Magic:  3/3        EV: 11    Int: 10    God:
Gold:   35         SH:  0    Dex: 12    Spells: 0 memorised, 2 levels left

rFire  . . .     SeeInvis +     c - +0 short sword
rCold  . . .     Clarity  .     d - +0 leather armour
rNeg   + . .     SustAt   .     (no shield)
rPois  .         Gourm    .     (helmet unavailable)
rElec  .         Spirit   .     (no cloak)
rCorr  .         Warding  .     (no gloves)
rMut   .         Stasis   +     (no boots)
MR     .....                    (no amulet)
Stlth  +.........               (no ring)
                                p - ring of positive energy

@: lethally poisoned (-1 -> -9), not resistant to hostile enchantments, very
unstealthy
A: permanent stasis, dig shafts and tunnels, four strong arms, antennae 3
a: Dig, Shaft Self


You were on level 2 of the Dungeon.
You were very hungry.

You visited 1 branch of the dungeon, and saw 2 of its levels.

You collected 35 gold pieces.


Innate Abilities, Weirdness & Mutations

You are under a permanent stasis effect.
You can dig through walls and to a lower floor.
Your four strong arms can wield two-handed weapons with a shield.
You have a pair of large antennae on your head (SInv).


   Skills:
 + Level 3.1 Fighting
 - Level 4.0 Throwing
 - Level 1.7 Dodging
 - Level 1.2 Stealth


You had 2 spell levels left.
You didn't know any spells.

Inventory:

Hand Weapons
 c - a +0 short sword (weapon)
Missiles
 a - 6 javelins
 b - 2 throwing nets
 l - 22 stones (quivered)
Armour
 d - a +0 leather armour (worn)
Jewellery
 p - a ring of positive energy (left hand)
Scrolls
 f - a scroll of fear {unknown}
 h - 2 scrolls of teleportation {unknown}
 j - a scroll of enchant weapon {unknown}
 k - a scroll of enchant armour {unknown}
 m - a scroll of identify {unknown}
 n - 2 scrolls of remove curse {unknown}
Potions
 i - a potion of cancellation {unknown}
Comestibles
 e - 2 bread rations
 g - a royal jelly
 o - a slice of pizza

Dungeon Overview and Level Annotations

Branches:
Dungeon (2/15)

Altars:


Message History

You are too injured to fight recklessly!
You are too injured to fight recklessly!
You are too injured to fight recklessly!
You are too injured to fight recklessly!
You are too injured to fight recklessly!
You are too injured to fight recklessly!
You are too injured to fight recklessly!
You are too injured to fight recklessly!
You are too injured to fight recklessly!
You are too injured to fight recklessly!
You are too injured to fight recklessly!
You are too injured to fight recklessly!
You are too injured to fight recklessly!
You are too injured to fight recklessly!
You are too injured to fight recklessly!
You are too injured to fight recklessly!
You feel sick.
You hit the adder but do no damage.
The adder is moderately wounded.
The adder barely misses you. The adder bites you.
You hit the adder but do no damage.
The adder is moderately wounded.
The adder misses you.
Your leather armour prevents you from hitting the adder.
The adder is moderately wounded.
You feel sick. The adder bites you. The adder closely misses you.
You hit the adder.
The adder is heavily wounded.
The adder bites you.
You miss the adder.
The adder is heavily wounded.
The adder bites you.
You are more poisoned.
The adder poisons you! The adder bites you.
You die...

#.###..<.#...#
#.# #...##...#
..#
......#....##
###
..####..#.....#
#......#.#
#....###.#
##### #.## #..#
##@# #S# {
#s'......
##'......
....... ..##'##
{ ..# .. #.# .
..


You could see an adder and a giant cockroach.

Action                   || total
-------------------------++-------
Melee: Short sword       ||   158
 Stab: Sleeping          ||     2
  Eat: Chunk             ||     1

Notes
Turn   | Place    | Note
--------------------------------------------------------------
     0 | D:1      | Duffy the Formicid Hunter began the quest for the Orb.
     0 | D:1      | Reached XP level 1. HP: 16/16 MP: 1/1
   171 | D:1      | Reached XP level 2. HP: 20/22 MP: 2/2
   779 | D:1      | Reached XP level 3. HP: 23/27 MP: 3/3
   780 | D:1      | Reached skill level 4 in Throwing
  1574 | D:2      | Reached skill level 3 in Fighting
  1604 | D:2      | Slain by an adder

Vault maps used:
D:1:      onia_arrival_larder
D:2:      lemuel_doored_altar, uniq_natasha

Vanquished Creatures
  An ooze
  A giant gecko
  2 ball pythons
  5 giant cockroaches
  2 goblins
  7 hobgoblins
  6 bats
  5 giant newts
  4 kobolds
  3 rats
36 creatures vanquished.
